Map: Multitasking Trainer Alterzim (NeoMT)

Players

NeoAI Terran - Winner!

  • Race: Terran Terran
  • Spawn Location: 11:00

eLeeha

  • Race: Terran Terran
  • League: Silver
  • Spawn Location: 5:00

VOD

Have the link to the VOD?

Description

Time

  • Played on: Jan. 28, 2016, 1:01 p.m.
  • Length: 5:20
Show
View Real Time Build Order
Export as new Build Order

NeoAI Terran Terran - Winner!

Build Orders:  

Get SALT Encoding   

  12  0:01  SCV  
  12  0:04  Barracks  
  12  0:07  Refinery  
  13  0:13  SCV  
  14  0:25  SCV  
  15  0:37  SCV  
  16  0:49  SCV  
  17  0:51  Marine  
  18  1:01  SCV  
  19  1:09  Marine  
  20  1:13  SCV  
  21  1:25  SCV  
  21  1:27  Marine  
  23  1:38  SCV  
  24  1:44  Marine  
  25  1:49  Barracks  
  25  1:50  SCV, Refinery  
  25  1:52  Supply Depot  
  25  1:54  Factory  
  26  2:02  SCV, Marine  
  26  2:05  Reaper  
  28  2:14  SCV, Bunker  
  29  2:20  Marine  
  30  2:26  SCV  
  30  2:27  Marine  
  31  2:35  Supply Depot, Marine  
  33  2:38  Factory Tech Lab, SCV, Barracks, Marine  
  33  2:41  Starport  
  35  2:50  SCV  
  37  2:53  Marine  
  37  2:56  Marine, Infernal Pre-Igniter  
  39  3:02  SCV  
  39  3:05  Reaper  
  40  3:11  Supply Depot, Marine  
  41  3:13  Marine  
  41  3:14  SCV  
  41  3:17  Marine  
  43  3:20  Starport Tech Lab  
  43  3:26  SCV  
  44  3:33  Supply Depot, Siege Tank, Marine x2  
  49  3:36  Engineering Bay  
  49  3:39  SCV  
  52  3:51  SCV  
  53  3:57  Marine x5  
  53  4:01  Supply Depot  
  53  4:03  SCV, Supply Depot  
  54  4:12  Missile Turret  
  54  4:15  SCV  
  60  4:21  Widow Mine  
  60  4:23  Siege Tank  
  63  4:25  Banshee  
  63  4:27  SCV  
  63  4:28  Missile Turret  
  67  4:33  Supply Depot  
  67  4:39  SCV  
  68  4:45  Missile Turret  
  68  4:51  SCV  
  71  4:55  Barracks Tech Lab  
  71  4:57  Barracks Tech Lab  
  74  5:03  SCV  
  70  5:15  Missile Turret  
  70  5:17  Supply Depot  
Show
View Real Time Build Order
Export as new Build Order

eLeeha Terran 

Build Orders:  

Get SALT Encoding   

  12  0:01  SCV  
  13  0:13  SCV  
  14  0:19  Supply Depot  
  14  0:26  SCV  
  15  0:40  SCV  
  16  0:51  Barracks  
  16  0:52  SCV  
  17  1:01  Refinery  
  17  1:05  SCV  
  18  1:17  SCV  
  19  1:29  SCV  
  20  1:39  Command Center  
  19  1:45  Orbital Command  
  19  1:49  Marine  
  20  2:06  Supply Depot  
  20  2:07  Marine  
  21  2:12  SCV  
  22  2:24  SCV  
  22  2:27  Supply Depot  
  22  2:29  Barracks Tech Lab  
  23  2:35  Refinery  
  23  2:36  SCV  
  24  2:48  SCV  
  24  2:51  Stimpack, Engineering Bay, Marine  
  25  2:57  Orbital Command  
  26  3:00  SCV  
  27  3:09  Marine  
  27  3:12  Factory  
  28  3:13  SCV  
  28  3:19  Terran Infantry Weapons Level 1  
  29  3:23  Supply Depot  
  29  3:25  SCV  
  30  3:28  SCV  
  31  3:37  SCV  
  31  3:40  SCV  
  33  3:45  Supply Depot  
  33  3:49  SCV  
  33  3:52  SCV  
  35  3:56  Factory Tech Lab  
  35  3:58  Starport  
  35  4:01  SCV  
  35  4:02  Marine  
  36  4:04  SCV  
  38  4:13  SCV  
  38  4:16  SCV  
  40  4:23  Barracks  
  40  4:25  SCV, Siege Tank  
  40  4:31  SCV  
  44  4:37  SCV  
  44  4:38  Marine  
  46  4:41  Starport Reactor  
  46  4:43  SCV  
  47  4:46  Supply Depot  
  47  4:50  SCV  
  48  4:54  Refinery  
  48  4:55  SCV  
  48  4:56  Marine  
  50  5:02  SCV  
  54  5:07  SCV  
Tags
 
Add a new tag
Caveats
  • Supply blocks, unpowered buildings, or Contaminate may cause inaccurate times.
  • Supply counts are checked every 10 seconds.